 Dungeon Crawl Stone Soup version 0.30-a0-802-gb92711bcdf (webtiles) character file.

Game seed: 15555920843436453821

72 retardedninja the Shield-Bearer (level 4, 0/41 HPs)
             Began as a Gnoll Fighter on Feb 24, 2023.
             Blown up by Ijyb (16 damage)
             ... with a mindburst bolt
             ... on level 3 of the Dungeon.
             The game lasted 00:02:28 (1837 turns).

retardedninja the Shield-Bearer (Gnoll Fighter)     Turns: 1837, Time: 00:02:29

Health: 0/41       AC: 11    Str: 17    XL:     4   Next: 25%
Magic:  5/5        EV:  7    Int:  7    God:
Gold:   95         SH:  5    Dex: 12    Spells: 5/5 levels left

rFire   . . .      SeeInvis .    a - +0 flail
rCold   . . .      Faith    .    c - +0 buckler
rNeg    . . .      Spirit   .    h - +0 chain mail
rPois   .          Reflect  .    g - +0 helmet
rElec   .          Harm     .    (no cloak)
rCorr   .          Rampage  .    (no gloves)
Will    .....                    (no boots) Stlth
                                 (no amulet)
HPRegen 0.26/turn                (no ring)
MPRegen 0.09/turn                (no ring)

@: no status effects
A: fangs 1, strong nose, distributed training
a: no special abilities


You were on level 3 of the Dungeon.
You visited 1 branch of the dungeon, and saw 3 of its levels.

You collected 95 gold pieces.

Inventory:

Hand Weapons
 a - a +0 flail (weapon)
Armour
 c - a +0 buckler (worn)
 g - a +0 helmet (worn)
 h - a +0 chain mail (worn)
Scrolls
 b - 3 scrolls of teleportation {unknown}
 f - a scroll of identify {unknown}
 i - a scroll of torment {unknown}
 j - a scroll of vulnerability {unknown}
 k - a scroll of fear {unknown}
 l - a scroll of magic mapping {unknown}
Potions
 d - 2 potions of might
 e - a potion of flight {unknown}
 m - a potion of curing
 n - a potion of mutation {unknown}


   Skills:
 + Level 6.6 Fighting
 + Level 1.1 Short Blades
 + Level 1.1 Long Blades
 + Level 1.1 Axes
 + Level 4.6 Maces & Flails
 + Level 1.1 Polearms
 + Level 1.1 Staves
 + Level 1.1 Ranged Weapons
 + Level 1.1 Throwing
 + Level 6.6 Armour
 + Level 1.1 Dodging
 + Level 1.1 Stealth
 + Level 6.6 Shields
 + Level 1.1 Unarmed Combat
 + Level 1.1 Spellcasting
 + Level 0.9 Conjurations
 + Level 0.9 Hexes
 + Level 0.9 Summonings
 + Level 0.9 Necromancy
 + Level 0.9 Translocations
 + Level 0.9 Transmutations
 + Level 0.9 Fire Magic
 + Level 0.9 Ice Magic
 + Level 0.9 Air Magic
 + Level 0.9 Earth Magic
 + Level 0.9 Poison Magic
 + Level 1.2 Invocations
 + Level 1.1 Evocations


You had 5 spell levels left.
You didn't know any spells.
Your spell library contained the following spells:

 Spells                   Type           Power      Damage    Failure   Level
 Apportation              Tloc           2%         N/A       99%         1
 Alistair's Intoxication  Tmut/Pois      0%         N/A       100%        5


Dungeon Overview and Level Annotations

Branches:
Dungeon (3/15)

Altars:

Annotations:
D:3 Ijyb


Innate Abilities, Weirdness & Mutations

You have very sharp teeth.
Your uncanny sense of smell can sniff out nearby items.
Your experience applies equally to all skills.


Message History

Ijyb the Twisted Goblin comes into view.
She is wielding a +0 club and carrying a wand of mindburst (15).
Ijyb shouts!
Ijyb zaps a wand.
You barely resist.
Ijyb is nearby!
Ijyb is nearby!
You closely miss Ijyb. Ijyb hits you but does no damage.
Ijyb closely misses you.
You closely miss Ijyb. Ijyb hits you with a +0 club.
You closely miss Ijyb. Ijyb hits you but does no damage.
You hit Ijyb but do no damage.
Ijyb zaps a wand.
You barely resist. You sock Ijyb!
Ijyb is moderately wounded.
Ijyb hits you but does no damage.
You closely miss Ijyb.
Ijyb is moderately wounded.
You block Ijyb's attack.
You hit Ijyb.
Ijyb is heavily wounded.
Ijyb hits you but does no damage.
You closely miss Ijyb. Your bite misses Ijyb.
Ijyb is heavily wounded.
Ijyb hits you with a +0 club.
You hit Ijyb but do no damage. You bite Ijyb, but do no damage.
Ijyb is heavily wounded.
Ijyb zaps a wand.
Your mind is blasted!
Ijyb zaps a wand.
Your mind is blasted!
* * * LOW HITPOINT WARNING * * *
You closely miss Ijyb.
Ijyb is heavily wounded.
Ijyb hits you but does no damage.
You closely miss Ijyb. You bite Ijyb, but do no damage.
Ijyb is heavily wounded.
Ijyb hits you but does no damage.
You hit Ijyb but do no damage.
Ijyb is heavily wounded.
You block Ijyb's attack.
It was a potion of curing.
You feel better. Ijyb hits you but does no damage.
You closely miss Ijyb.
Ijyb is heavily wounded.
Ijyb zaps a wand.
Your mind is blasted!
You die...

#..............#..
#....)..#......#..
##................
##................ #
##................. ...
##..................
....#?..................
....................[...
......g@................
##......................
#..................).(.
#......................
#......................
#......................
#......................
#......................
......................


You could see Ijyb.

Vanquished Creatures
  An adder (D:2)
  A dart slug (D:1)
  A ball python (D:1)
  14 endoplasms
  2 giant cockroaches (D:1)
  3 hobgoblins
  6 jackals (D:1)
  2 kobolds (D:1)
  5 quokkas
  2 bats (D:1)
  4 frilled lizards (D:1)
  4 goblins
  6 rats (D:1)
51 creatures vanquished.

Notes
Turn   | Place    | Note
-------+----------+-------------------------------------------
     0 | D:1      | retardedninja the Gnoll Fighter began the quest for the
                  | Orb.
     0 | D:1      | Reached XP level 1. HP: 23/23 MP: 1/1
     1 | D:1      | Found a runed translucent door.
    29 | D:1      | Reached XP level 2. HP: 28/29 MP: 2/2
   184 | D:1      | You fall into a shaft and drop 1 floor!
   198 | D:2      | Reached XP level 3. HP: 30/35 MP: 2/4
   307 | D:1      | Reached skill level 1 in Invocations
   453 | D:1      | Reached skill level 1 in Short Blades
   453 | D:1      | Reached skill level 1 in Long Blades
   453 | D:1      | Reached skill level 1 in Axes
   453 | D:1      | Reached skill level 1 in Polearms
   453 | D:1      | Reached skill level 1 in Staves
   453 | D:1      | Reached skill level 1 in Ranged Weapons
   453 | D:1      | Reached skill level 1 in Throwing
   453 | D:1      | Reached skill level 1 in Dodging
   453 | D:1      | Reached skill level 1 in Stealth
   453 | D:1      | Reached skill level 1 in Unarmed Combat
   453 | D:1      | Reached skill level 1 in Spellcasting
   453 | D:1      | Reached skill level 1 in Evocations
   696 | D:1      | Reached XP level 4. HP: 41/41 MP: 5/5
  1697 | D:2      | Found a faded altar of an unknown god.
  1820 | D:3      | Noticed Ijyb
  1837 | D:3      | Blown up by Ijyb

Illustrated notes

Levels and vault maps discovered:
D:1:      dpeg_arrival_caged_fury, layout_loops_ring, kennysheep_crisscross,
          hex_large
D:2:      layout_loops_ring, shapermc_ecumenical_altar_hornbeckon,
          roderic_lattice_a
D:3:      layout_basic, uniq_jessica, uniq_ijyb

Skill      XL: |  1  2  3 |
---------------+----------+-----
Invocations    | 1 |  1.2
Short Blades   | 1 |  1.1
Long Blades    | 1 |  1.1
Axes           | 1 |  1.1
Polearms       | 1 |  1.1
Staves         | 1 |  1.1
Ranged Weapons | 1 |  1.1
Throwing       | 1 |  1.1
Dodging        | 1 |  1.1
Stealth        | 1 |  1.1
Unarmed Combat | 1 |  1.1
Spellcasting   | 1 |  1.1
Evocations     | 1 |  1.1
Fighting       | |  6.6
Maces & Flails | |  4.6
Armour         | |  6.6
Shields        | |  6.6
Conjurations   | |  0.9
Hexes          | |  0.9
Summonings     | |  0.9
Necromancy     | |  0.9
Translocations | |  0.9
Transmutations | |  0.9
Fire Magic     | |  0.9
Ice Magic      | |  0.9
Air Magic      | |  0.9
Earth Magic    | |  0.9
Poison Magic   | |  0.9

Action                     |  1- 3 |  4- 6 || total
---------------------------+-------+-------++-------
  Melee: Flail             |   130 |    31 ||   161
         Bite              |     9 |     4 ||    13
    Use: Potion            |       |     1 ||     1
 Armour: Scale mail        |    56 |       ||    56
         Chain mail        |    33 |    12 ||    45
  Dodge: Dodged            |    64 |     5 ||    69
  Block: Buckler           |    42 |     5 ||    47

Table legend: (Time is in decaauts)
 A = Elapsed time spent in this place.
 B = Non-inter-level travel time spent in this place.
 C = Inter-level travel time spent in this place.
 D = Time resting spent in this place.
 E = Time spent auto-exploring this place.
 F = Levels seen in this place.
 G = Mean time per level.
                   A        B        C        D        E       F      G
               +--------+--------+--------+--------+--------+-----+--------+
         Total |   1872 |   1800 |     72 |     21 |   1402 |   3 |  624.0 |
       Dungeon |   1872 |   1800 |     72 |     21 |   1402 |   3 |  624.0 |
               +--------+--------+--------+--------+--------+-----+--------+

Top non-repeatable levels by time:
     D:1: 891 daAuts
     D:2: 873 daAuts
     D:3: 108 daAuts
